 Dungeon Crawl Stone Soup version 0.21.1-1-g345015f (webtiles) character file.

55 kae the Insei (level 3, -3/28 HPs)
             Began as a Gnoll Transmuter on June 1, 2018.
             Was an Initiate of Makhleb.
             Killed by divine providence
             ... invoked by an orc priest
              (11 damage)
             ... on level 3 of the Dungeon.
             The game lasted 00:01:38 (1765 turns).

kae the Insei (Gnoll Transmuter)                    Turns: 1765, Time: 00:01:39

Health: -3/28      AC:  2    Str: 12    XL:     3   Next: 93%
Magic:  9/9        EV: 15    Int: 15    God:    Makhleb [......]
Gold:   118        SH:  0    Dex: 16    Spells: 11/12 levels left

rFire    . . .     SeeInvis .     - Unarmed
rCold    . . .     Gourm    .   (no shield)
rNeg     . . .     Faith    .   b - +0 robe
rPois    .         Spirit   .   (no helmet)
rElec    .         Reflect  .   (no cloak)
rCorr    .         Harm     .   (no gloves)
MR       .....                  (boots currently unavailable)
Stlth    ++........             (no amulet)
HPRegen  0.09/turn              (no ring)
MPRegen  0.11/turn              (no ring)

@: appendage
A: distributed training, fangs 1, talons 3, strong nose
a: End Transformation, Renounce Religion


You were on level 3 of the Dungeon.
You worshipped Makhleb.
Makhleb was noncommittal.
You were hungry.
You had grown temporary talons.
You visited 1 branch of the dungeon, and saw 3 of its levels.

You collected 118 gold pieces.

Inventory:

Missiles
 a - 21 arrows
Armour
 b - a +0 robe (worn)
Scrolls
 e - a scroll of identify
 g - 3 scrolls of enchant weapon
 i - 2 scrolls of fog
 j - a scroll of fear {unknown}
 k - 2 scrolls of enchant armour {unknown}
 l - a scroll of remove curse {unknown}
Potions
 f - a potion of resistance {unknown}
Books
 c - a book of Changes

   Spells                             Type                      Level
   a - Beastly Appendage              Transmutation                1
   b - Sticks to Snakes               Transmutation                2
   c - Spider Form                    Transmutation/Poison         3
   d - Ice Form                       Ice/Transmutation            4
   e - Blade Hands                    Transmutation                5
Comestibles
 d - 3 rations


   Skills:
 + Level 2.6 Fighting
 + Level 1.0 Short Blades
 + Level 1.0 Long Blades
 + Level 1.0 Axes
 + Level 1.0 Maces & Flails
 + Level 1.0 Polearms
 + Level 1.0 Staves
 + Level 1.0 Slings
 + Level 1.0 Bows
 + Level 1.0 Crossbows
 + Level 1.0 Throwing
 + Level 1.0 Armour
 + Level 4.6 Dodging
 + Level 1.0 Stealth
 + Level 1.0 Shields
 + Level 6.5 Unarmed Combat
 + Level 5.0 Spellcasting
 + Level 0.7 Conjurations
 + Level 0.7 Hexes
 + Level 0.7 Charms
 + Level 0.7 Summonings
 + Level 0.7 Necromancy
 + Level 0.7 Translocations
 + Level 3.8 Transmutations
 + Level 0.7 Fire Magic
 + Level 0.7 Ice Magic
 + Level 0.7 Air Magic
 + Level 0.7 Earth Magic
 + Level 0.7 Poison Magic
 + Level 1.0 Invocations
 + Level 1.0 Evocations


You had 11 spell levels left.
You knew the following spells:

 Your Spells              Type           Power        Failure   Level  Hunger
a - Beastly Appendage     Tmut           ###...       3%          1    None


Dungeon Overview and Level Annotations

Branches:
Dungeon (3/15)

Altars:
Dithmenos
Kikubaaqudgha
Makhleb
Trog
Uskayaw
Wu Jian
Xom


Innate Abilities, Weirdness & Mutations

Your experience applies equally to all skills.
You have very sharp teeth.
Your uncanny sense of smell can sniff out nearby items.
You have claws for feet.


Message History

You punch the orc priest, but do no damage.
Your bite misses the orc priest. You punch the orc priest!
You claw the orc priest.
The orc priest is severely wounded.
The orc misses you. The orc priest closely misses you.
You hit the orc priest but do no damage.
The orc priest is severely wounded.
The orc hits you but does no damage.
The orc priest calls down the wrath of Beogh upon you.
Beogh smites you!
* * * LOW HITPOINT WARNING * * *
You hit the orc priest but do no damage.
Your kick misses the orc priest.
The orc priest is severely wounded.
The orc priest looks encouraged for a moment.
The orc hits you but does no damage.
You feel better. The orc priest barely misses you.
The orc priest invokes the aid of Beogh against you.
Beogh smites you!
You die...

#...........# #.# ..#
..>.......).## ##.######...
.............#########...........
...<...........#.......r.####....
.).............#....o.o#..##.....
...............#.......##or..#
#.............##....o..###..##
##.....#.....###.......##...#
#########...##.@########.....
###....## #...### #.....# ##... ∆
............ ####.
..........<.#.# ............(#
.............# >............#
.............#


You could see an orc priest, 2 orcs and a rat.

Vanquished Creatures
  An adder (D:2)
  An ooze (D:2)
  An orc (D:3)
  5 bats
  2 giant cockroaches (D:1)
  8 goblins
  5 hobgoblins
  4 kobolds
  A frilled lizard (D:2)
  11 rats
39 creatures vanquished.

Notes
Turn   | Place    | Note
-------+----------+-------------------------------------------
     0 | D:1      | kae the Gnoll Transmuter began the quest for the Orb.
     0 | D:1      | Reached XP level 1. HP: 17/17 MP: 6/6
    99 | D:1      | Reached XP level 2. HP: 18/23 MP: 7/7
   865 | D:2      | Reached XP level 3. HP: 28/28 MP: 9/9
   894 | D:2      | Reached skill level 5 in Spellcasting
  1121 | D:2      | Reached skill level 1 in Invocations
  1617 | D:2      | Found a hide-covered altar of Uskayaw.
  1620 | D:2      | Found a shimmering altar of Xom.
  1620 | D:2      | Found an ancient bone altar of Kikubaaqudgha.
  1624 | D:2      | Found a shadowy altar of Dithmenos.
  1624 | D:2      | Found an ornate altar of the Wu Jian Council.
  1640 | D:2      | Found a bloodstained altar of Trog.
  1650 | D:2      | Found a burning altar of Makhleb.
  1661 | D:2      | Became a worshipper of Makhleb the Destroyer
  1709 | D:3      | Reached skill level 1 in Short Blades
  1709 | D:3      | Reached skill level 1 in Long Blades
  1709 | D:3      | Reached skill level 1 in Axes
  1709 | D:3      | Reached skill level 1 in Maces & Flails
  1709 | D:3      | Reached skill level 1 in Polearms
  1709 | D:3      | Reached skill level 1 in Staves
  1709 | D:3      | Reached skill level 1 in Slings
  1709 | D:3      | Reached skill level 1 in Bows
  1709 | D:3      | Reached skill level 1 in Crossbows
  1709 | D:3      | Reached skill level 1 in Throwing
  1709 | D:3      | Reached skill level 1 in Armour
  1709 | D:3      | Reached skill level 1 in Stealth
  1709 | D:3      | Reached skill level 1 in Shields
  1709 | D:3      | Reached skill level 1 in Evocations
  1752 | D:3      | HP: 1/28 [orc priest/divine providence (11)]
  1765 | D:3      | Killed from afar by an orc priest

Skill      XL: |  1  2  3 |
---------------+----------+-----
Spellcasting   | 5 |  5.0
Invocations    | 1 |  1.0
Short Blades   | 1 |  1.0
Long Blades    | 1 |  1.0
Axes           | 1 |  1.0
Maces & Flails | 1 |  1.0
Polearms       | 1 |  1.0
Staves         | 1 |  1.0
Slings         | 1 |  1.0
Bows           | 1 |  1.0
Crossbows      | 1 |  1.0
Throwing       | 1 |  1.0
Armour         | 1 |  1.0
Stealth        | 1 |  1.0
Shields        | 1 |  1.0
Evocations     | 1 |  1.0
Fighting       | |  2.6
Dodging        | |  4.6
Unarmed Combat | |  6.5
Conjurations   | |  0.7
Hexes          | |  0.7
Charms         | |  0.7
Summonings     | |  0.7
Necromancy     | |  0.7
Translocations | |  0.7
Transmutations | |  3.8
Fire Magic     | |  0.7
Ice Magic      | |  0.7
Air Magic      | |  0.7
Earth Magic    | |  0.7
Poison Magic   | |  0.7

Action                   || total
-------------------------++-------
Melee: Unarmed           ||   113
       Bite              ||     8
       Punch             ||     4
       Kick              ||     1
       Headbutt          ||     1
 Cast: Beastly Appendage ||     9
  Use: Scroll            ||     5
       Potion            ||     1
 Stab: Sleeping          ||     7
  Eat: Chunk             ||     2
Armor: Robe              ||    22
Dodge: Dodged            ||    77
